Map: Lerilak Crest

Players

SouthKr - Winner!

  • Race: Terran Terran

vasea - Winner!

  • Race: Protoss Protoss

Gracz

  • Race: Zerg Zerg

Horner

  • Race: Terran Terran

VOD

Have the link to the VOD?

Description

Time

  • Played on: April 28, 2016, 11:49 a.m.
  • Length: 3:19
Show
View Real Time Build Order
Export as new Build Order

SouthKr Terran - Winner!

Build Orders:  

Get SALT Encoding   

  12  0:01  SCV  
  13  0:13  SCV  
  14  0:24  Supply Depot  
  14  0:25  SCV  
  15  0:30  Refinery  
  15  0:45  SCV  
  15  0:47  Barracks  
  16  0:57  SCV  
  17  1:06  Barracks  
  17  1:09  SCV  
  18  1:22  SCV  
  19  1:26  Refinery  
  19  1:34  Reaper  
  19  1:35  Supply Depot  
  20  1:43  Barracks  
  21  1:47  SCV  
  21  1:53  Reaper  
  22  2:06  Reaper  
  22  2:07  SCV  
  24  2:24  Orbital Command  
  24  2:25  Reaper  
  25  2:31  Reaper  
  26  2:39  Reaper  
Show
View Real Time Build Order
Export as new Build Order

vasea Protoss - Winner!

Build Orders: Forge Fast Expand (FFE) 

Get SALT Encoding   

  12  0:02  Probe (Chrono Boost)  
  13  0:12  Probe (Chrono Boost)  
  14  0:21  Pylon  
  14  0:23  Probe (Chrono Boost)  
  15  0:39  Probe (Chrono Boost)  
  15  0:42  Forge  
  17  0:50  Probe (Chrono Boost)  
  17  1:00  Probe (Chrono Boost)  
  18  1:11  Probe (Chrono Boost)  
  19  1:20  Nexus  
  20  1:25  Probe (Chrono Boost)  
  20  1:33  Gateway  
  20  1:37  Probe (Chrono Boost)  
  21  1:47  Photon Cannon  
  21  1:53  Probe (Chrono Boost)  
  22  1:59  Photon Cannon  
  22  2:03  Assimilator  
  22  2:08  Assimilator  
  22  2:09  Probe (Chrono Boost)  
  22  2:14  Assimilator  
  23  2:20  Assimilator  
  23  2:24  Pylon  
  23  2:32  Pylon  
  23  2:34  Probe (Chrono Boost)  
  24  2:45  Probe (Chrono Boost)  
  24  2:50  Probe (Chrono Boost)  
  26  3:00  Probe (Chrono Boost)  
  26  3:04  Probe (Chrono Boost)  
Show
View Real Time Build Order
Export as new Build Order

Gracz Zerg 

Build Orders: Hatch First 

Get SALT Encoding   

  12  0:02  Drone  
  13  0:08  Drone  
  14  0:26  Overlord  
  14  0:52  Overlord  
  14  0:53  Drone x2  
  14  0:56  Extractor  
  15  1:09  Hatchery  
  14  1:23  Spawning Pool  
  13  1:26  Drone x2  
  13  1:28  Drone  
  16  1:44  Drone  
  17  2:13  Zergling x6  
  17  2:14  Queen  
Show
View Real Time Build Order
Export as new Build Order

Horner Terran 

Build Orders:  

Get SALT Encoding   

  12  0:23  SCV  
  13  0:35  SCV  
  14  0:48  SCV  
  15  0:56  Supply Depot  
  15  1:08  Refinery  
  15  1:17  SCV  
  16  1:31  Barracks  
  16  1:39  SCV  
  17  1:47  Command Center  
  17  1:51  SCV  
  18  2:03  SCV  
  19  2:12  Refinery  
  19  2:15  SCV  
  20  2:27  SCV  
  21  2:38  Barracks Reactor  
  21  2:40  SCV  
  22  2:52  SCV  
  23  3:06  Bunker  
Tags
 
Add a new tag
Caveats
  • Supply blocks, unpowered buildings, or Contaminate may cause inaccurate times.
  • Supply counts are checked every 10 seconds.